Description

testing to get salt encoding ingnore

Replay - ZvT - Heavy Queen Econ style with ling bane into ultra

Build Order

Get SALT Encoding   

  12  0:01  Drone  
  13  0:13  Overlord  
  13  0:18  Drone  
  14  0:32  Drone x2  
  16  0:37  Drone  
  17  0:53  Hatchery  
  16  0:58  Drone  
  16  1:01  Drone  
  18  1:13  Spawning Pool  
  18  1:16  Drone  
  18  1:19  Extractor  
  18  1:22  Drone  
  18  1:29  Drone  
  20  1:54  Overlord  
  20  2:00  Queen  
  22  2:05  Queen  
  24  2:09  Overlord  
  24  2:15  Zergling x2  
  24  2:16  Zergling x2  
  26  2:22  Metabolic Boost  
  28  2:36  Queen  
  31  2:43  Queen  
  36  3:03  Hatchery  
  35  3:14  Queen  
  35  3:19  Queen  
  40  3:24  Overlord  
  43  3:34  Overlord  
  54  4:04  Queen  
  56  4:14  Queen  
  70  4:46  Queen  
  72  4:56  Hatchery  
  71  5:02  Extractor  
  71  5:06  Extractor  
  75  5:11  Hatchery  
  77  5:20  Zergling x4  
  77  5:21  Zergling x6  
  82  5:27  Queen  
  84  5:30  Zergling x6  
  93  5:45  Hatchery  
  93  5:54  Lair  
  93  5:55  Hatchery  
  92  5:59  Evolution Chamber  
  92  6:00  Evolution Chamber  
  92  6:01  Baneling Nest  
  93  6:38  Zerg Ground Armor Level 1, Zerg Melee Weapons Level 1  
  115  6:57  Centrifical Hooks  
  127  7:17  Extractor, Infestation Pit  
  153  8:24  Hive  
  172  8:40  Zerg Ground Armor Level 2, Zerg Melee Weapons Level 2  
  152  9:51  Adrenal Glands  
  158  9:53  Ultralisk Cavern  
  146  10:40  Baneling x7  
  146  10:42  Ultralisk  
  152  10:43  Chitinous Plating  
  150  11:23  Ultralisk x2  
  162  11:39  Ultralisk  
  168  11:47  Ultralisk  
  174  11:55  Ultralisk  
Spawning Tool Build Advisor. Get it on Overwolf

Analysis

testing to get salt encoding ingnore

Go to:

Details

  • Created by: sebastian.baldini
  • Published on: Mar 30, 2021
  • Modified on: Mar 30, 2021
  • Patch: 4.11.0
  • Difficulty: Medium
Show
View Real Time Build Order
Export as new Build Order

Comments (0)

There are no comments. Be the first!

Create an account to comment!